AoeStats
← RudiKillerD

Arena

509734664Analyzed
4v4 RM · 6d ago on Sep 27, 2026· 38m 46s· 8 players
Game mode
Random Map
Map size
Large (8 player)
Population
200
Speed
Normal
Resources
Standard
Victory
Conquest
Starting age
Dark Age
Ending age
Imperial Age
RankedLock teamsTeams togetherTeam positionsShared explorationLock speedFull tech treeHidden civsTurbo modeCheats
Victory
Defeat
🇻🇪 Vikings · Venezuela
1046
+14
🇮🇹 Saxons · Italy
1029
+15
🇨🇦 Bohemians · Canada
990
+17
🇨🇴 Goths · Colombia
967
+17
🇦🇷 Bohemians · Argentina
1047
-17
🇦🇷 Jurchens · Argentina
1045
-18
🇦🇷 Franks · Argentina
981
-15
🇦🇷 Khmer · Argentina
940
-13
EsteNoEsPaisa
12:12 Feudal Age
12:55 Double-Bit Axe
14:11 Horse Collar
18:24 Castle Age
19:14 Gambesons
19:31 Squires
21:46 Pikeman
25:42 Forging
25:33 Scale Mail Armor
30:56 Heavy Plow
30:51 Gold Mining
30:51 Stone Mining
33:42 Wheelbarrow
36:29 Imperial Age
34:33 Fortified Wall
35:26 Iron Casting
35:06 Chain Mail Armor
34:49 Loom
35:21 Hand Cart
Sergio A. Gamarra
11:23 Feudal Age
16:24 Castle Age
17:59 Double-Bit Axe
20:18 Gold Mining
26:06 Imperial Age
29:50 Gold Shaft Mining
30:18 Heavy Scorpion
33:54 Double Crossbow
Vagorr_
11:48 Feudal Age
14:04 Loom
16:39 Castle Age
14:45 Double-Bit Axe
15:50 Horse Collar
golden229269
12:45 Feudal Age
15:01 Double-Bit Axe
15:38 Forging
15:34 Scale Barding Armor
22:52 Castle Age
23:35 Husbandry
24:14 Iron Casting
24:00 Chain Barding Armor
24:45 Bow Saw
25:29 Wheelbarrow
28:10 Gold Mining
36:26 Hand Cart
Big Naturals
7:54 Loom
10:16 Feudal Age
10:41 Double-Bit Axe
15:03 Castle Age
16:10 Wheelbarrow
17:37 Horse Collar
25:12 Bow Saw
33:16 Chemistry
35:43 Imperial Age
wallacebru
12:06 Feudal Age
10:25 Loom
12:11 Feudal Age
10:46 Loom
12:32 Feudal Age
17:35 Castle Age
16:39 Forging
16:29 Scale Mail Armor
16:31 Double-Bit Axe
18:13 Pikeman
33:16 Bow Saw
34:00 Wheelbarrow
34:43 Clerical Recruitment
36:54 Iron Casting
36:35 Chain Mail Armor
RudiKillerD
13:15 Feudal Age
14:17 Horse Collar
15:03 Double-Bit Axe
17:28 Castle Age
18:53 Stone Mining
19:17 Bow Saw
19:11 Heavy Plow
20:31 Stone Shaft Mining
23:34 Wheelbarrow
26:30 Imperial Age
24:16 Anarchy
24:32 Forging
24:23 Scale Mail Armor
26:22 Iron Casting
26:13 Chain Mail Armor
26:27 Squires
27:11 Gold Mining
29:47 Crop Rotation
33:10 Blast Furnace
34:56 Two-Man Saw
the King
5:05 Loom
11:25 Feudal Age
16:41 Castle Age
15:29 Double-Bit Axe
15:27 Horse Collar
15:58 Stone Mining
31:58 Imperial Age
29:07 Man-at-Arms
30:15 Heavy Plow
29:46 Long Swordsman
30:41 Forging
31:33 Scale Mail Armor
32:09 Iron Casting
32:04 Two-Handed Swordsman
35:04 Chain Mail Armor
36:30 Plate Mail Armor
37:00 Blast Furnace
38:53 Arson
38:33 Champion
Connection lost

Rejoining the realm…

Still unreachable

The connection could not be restored.

Session expired

The server has moved on; the page needs a fresh start.